Map: Blueshift LE

Players

Odin

  • Race: Terran Terran
  • League: Gold
  • Spawn Location: 1:00

keyser - Winner!

  • Race: Terran Terran
  • League: Gold
  • Spawn Location: 7:00

VOD

Have the link to the VOD?

Description

Time

  • Played on: Dec. 7, 2018, 4:26 a.m.
  • Length: 11:57
Show
View Real Time Build Order
Export as new Build Order

Odin Terran 

Build Orders:  

Get SALT Encoding   

  12  0:02  SCV  
  13  0:15  Supply Depot  
  13  0:18  SCV  
  14  0:27  Supply Depot  
  14  0:40  Barracks  
  14  0:44  SCV  
  15  0:55  Refinery  
  15  0:56  SCV  
  16  1:14  Barracks  
  16  1:16  SCV  
  17  1:25  Refinery  
  17  1:32  Orbital Command  
  17  1:57  Reaper  
  18  2:02  Barracks  
  18  2:14  Factory  
  18  2:18  SCV  
  19  2:28  Barracks Reactor  
  19  2:30  SCV  
  20  2:45  SCV  
  21  2:57  SCV  
  22  3:01  Barracks Tech Lab  
  22  3:04  Barracks Tech Lab  
  22  3:05  Factory Tech Lab, Starport  
  22  3:08  Marine x2  
  22  3:09  SCV  
  25  3:25  Stimpack  
  25  3:30  Marine  
  25  3:31  Marine  
  27  3:41  SCV  
  28  3:45  Starport Tech Lab  
  28  3:49  Marine x2  
  30  4:00  Marine  
  31  4:07  Marine x3  
  31  4:09  Banshee  
  34  4:10  Supply Depot  
  34  4:11  Cloaking Field  
  37  4:18  Marine  
  38  4:24  Combat Shield  
  38  4:35  Supply Depot  
  38  4:39  Marine x3  
  38  4:40  Marine  
  42  4:52  Banshee  
  42  4:57  Marine x3  
  42  4:58  Marine  
  49  5:25  Siege Tank  
  54  5:35  Marauder  
  54  5:40  Marauder  
  56  5:42  Marine  
  56  5:43  Marine  
  58  5:56  Marine, Engineering Bay  
  59  6:00  Marine x2  
  61  6:12  Siege Tank  
  61  6:15  Raven  
  66  6:28  Marine x3  
  66  6:29  Marine  
  70  6:36  Supply Depot  
  70  6:46  Marine  
  71  6:57  Marine  
  72  7:10  Command Center  
  72  7:15  Marine  
  41  8:03  SCV  
  31  8:06  Marauder x2  
  31  8:09  Marine x2  
  31  8:11  Siege Tank  
  40  8:13  Banshee  
  40  8:15  SCV  
  43  8:27  Marine x2  
  43  8:28  Marauder  
  43  8:34  SCV  
  45  8:37  Planetary Fortress  
  42  8:55  SCV  
  43  9:05  Barracks  
  43  9:07  SCV  
  44  9:11  Starport Reactor  
  44  9:13  Factory  
  44  9:14  Hi-Sec Auto Tracking  
  44  9:19  SCV  
  44  9:21  Refinery  
  45  9:33  Marine x2, Marauder x2  
  45  9:35  Concussive Shells  
  51  9:46  Siege Tank  
  51  9:48  Medivac x2  
  51  9:51  Marine x2  
  60  10:18  Medivac x2  
  64  10:31  Marine x2, Marauder x2  
  64  10:33  Barracks Reactor  
  70  10:45  SCV x2  
  72  10:54  Marine x2, Marauder x2  
  78  10:57  SCV x2  
  78  11:02  Siege Tank  
  83  11:09  SCV x2  
  83  11:11  Refinery  
  85  11:12  Marine x2  
  87  11:21  Command Center, SCV x2  
  81  11:33  SCV x2  
Show
View Real Time Build Order
Export as new Build Order

keyser Terran - Winner!

Build Orders:  

Get SALT Encoding   

  12  0:01  SCV  
  13  0:16  SCV, Supply Depot  
  14  0:29  SCV  
  15  0:39  Barracks  
  15  0:42  Refinery  
  15  0:45  SCV  
  16  0:57  SCV  
  17  1:09  SCV  
  18  1:19  Refinery  
  18  1:21  SCV  
  19  1:28  Reaper, Supply Depot  
  20  1:35  Barracks  
  20  1:43  Orbital Command  
  20  2:00  Factory  
  20  2:03  Marine  
  21  2:09  SCV  
  22  2:21  SCV  
  23  2:40  Marine  
  25  2:46  Starport  
  24  3:01  SCV  
  24  3:02  Barracks Tech Lab  
  24  3:03  Marine  
  24  3:04  Factory Tech Lab  
  26  3:06  Command Center  
  26  3:14  SCV  
  27  3:21  Marine  
  28  3:33  Raven  
  30  3:35  Factory Tech Lab  
  30  3:36  Marine, Refinery  
  31  3:41  Combat Shield  
  31  3:53  Barracks Reactor  
  31  4:01  Supply Depot  
  31  4:02  Supply Depot  
  31  4:18  Marine, Siege Tank, Orbital Command  
  35  4:33  Viking  
  37  4:39  Marine x2  
  37  4:45  SCV  
  40  4:48  SCV  
  40  4:50  Siege Tank  
  40  4:51  Marine  
  45  4:57  SCV  
  46  5:16  Raven  
  46  5:18  Marine  
  46  5:19  Marine x2  
  51  5:24  Engineering Bay  
  51  5:25  SCV  
  52  5:29  Refinery  
  52  5:36  Marine x2  
  52  5:37  Marine, SCV  
  56  5:49  SCV  
  57  5:53  Missile Turret  
  57  5:54  Marine x3  
  60  6:01  SCV  
  61  6:06  Supply Depot  
  61  6:08  Supply Depot  
  61  6:12  Marine  
  61  6:14  Missile Turret  
  61  6:16  Stimpack  
  61  6:34  Factory  
  61  6:38  Cyclone  
  64  6:40  Starport Reactor  
  64  6:43  Marine x2  
  64  6:44  Marine  
  67  7:00  Marine  
  67  7:01  Marine  
  69  7:02  Marine  
  70  7:10  Cyclone  
  73  7:16  Supply Depot, Medivac x2  
  73  7:18  Marine  
  78  7:37  Marine x3, Cyclone  
  78  7:39  Supply Depot  
  78  7:40  Supply Depot  
  78  7:41  Supply Depot  
  78  7:42  Cyclone  
  78  7:44  Terran Infantry Weapons Level 1  
  87  7:46  Medivac x2  
  90  7:55  Marine x3  
  79  8:13  Marine x3  
  81  8:41  SCV  
  81  8:42  SCV  
  81  8:44  Siege Tank  
  81  8:45  Siege Tank  
  89  8:51  Marine x2  
  89  8:52  Marine  
  89  8:53  SCV  
  89  8:54  SCV  
  94  9:05  SCV  
  94  9:09  Marine x3  
  98  9:10  Refinery, SCV  
  98  9:16  Siege Tank  
  102  9:17  SCV  
  102  9:22  SCV  
  102  9:24  Mag-Field Accelerator  
  104  9:26  Command Center  
  104  9:27  Marine x3  
  107  9:37  Sensor Tower  
  107  9:39  Supply Depot x2  
  107  9:42  Supply Depot  
  107  9:45  Marine x3  
  110  9:46  Missile Turret  
  110  10:01  Liberator x2  
  110  10:02  Marine  
  110  10:03  Marine x2  
  114  10:14  SCV  
  120  10:26  SCV  
  121  10:35  Hi-Sec Auto Tracking  
  121  10:38  SCV  
  121  10:39  Armory  
  122  10:50  SCV  
  123  11:00  Viking  
  123  11:01  Viking  
Tags
 
League
GoldGold
Matchup
TvT
Race
Terran
Spawn Locations
Cross Positions
Add a new tag
Caveats
  • Supply blocks, unpowered buildings, or Contaminate may cause inaccurate times.
  • Supply counts are checked every 10 seconds.